MWL (24 & UNDER)
WISCONSIN RAPIDS RANGERS @ MINNESOTA DEATH STARS
09/15/2023
 
TOP OF THE 1ST
Wisconsin Rapids Rangers batting - Pitching for Minnesota Death Stars : RHP Pat Jackson
Pitching: RHP Pat Jackson
Batting: RHB Troy Reed 0-0: Fly out, F9 (Flyball, 9LM)
Batting: RHB James Jenkins 0-0: Ball
1-0: Ball
2-0: Ball
3-0: Base on Balls
Batting: LHB Ramón Córdova 0-0: Ball
1-0: SINGLE (Line Drive, 56)
James Jenkins to second
Batting: SHB José López 0-0: Called Strike
0-1: Ball
James Jenkins steals 3rd base
Ramón Córdova to second
1-1: SINGLE (Groundball, 25) (infield hit)
Batting: RHB Arturo Rodríguez 0-0: Ball
1-0: Called Strike
1-1: Swinging Strike
1-2: Strikes out swinging
Batting: RHB Earl Conrad 0-0: Fly out, F6 (Line Drive, 6M)
Top of the 1st over - 0 run(s), 2 hit(s), 0 error(s), 3 left on base; Wisconsin Rapids 0 - Minnesota 0
BOTTOM OF THE 1ST
Minnesota Death Stars batting - Pitching for Wisconsin Rapids Rangers : LHP Manuel Perea
Pitching: LHP Manuel Perea
Batting: RHB Soetsu Kaneko 0-0: Ball
1-0: Ball
2-0: Ball
3-0: Called Strike
3-1: Ground out 6-3 (Groundball, 6)
Batting: RHB Chet Decker 0-0: Ball
1-0: Foul Ball, location: 2F
1-1: Called Strike
1-2: Ball
2-2: Ground out 6-3 (Groundball, 6)
Batting: LHB Chris Loudermilk 0-0: Ball
1-0: Foul Ball, location: 2F
1-1: Ground out 1-3 (Groundball, 3S)
Bottom of the 1st over - 0 run(s), 0 hit(s), 0 error(s), 0 left on base; Wisconsin Rapids 0 - Minnesota 0
TOP OF THE 2ND
Wisconsin Rapids Rangers batting - Pitching for Minnesota Death Stars : RHP Pat Jackson
Batting: RHB Paul Richard 0-0: Ball
1-0: Ball
2-0: Ground out 4-3 (Groundball, 4M)
Batting: RHB Danny Campbell 0-0: Ball
1-0: Ground out 4-3 (Groundball, 13)
Batting: RHB Robert Acosta 0-0: Ball
1-0: Called Strike
1-1: Ground out 6-3 (Groundball, 6)
Top of the 2nd over - 0 run(s), 0 hit(s), 0 error(s), 0 left on base; Wisconsin Rapids 0 - Minnesota 0
BOTTOM OF THE 2ND
Minnesota Death Stars batting - Pitching for Wisconsin Rapids Rangers : LHP Manuel Perea
Batting: RHB Herb Ashley 0-0: Foul Ball, location: 2F
0-1: Foul Ball, location: 2F
0-2: Ball
1-2: Strikes out swinging
Batting: RHB Jorge Martínez 0-0: Ball
1-0: Foul Ball, location: 2F
1-1: Swinging Strike
1-2: Strikes out looking
Batting: RHB Pedro Rosado 0-0: Ball
1-0: Ground out 5-3 (Groundball, 5S)
Bottom of the 2nd over - 0 run(s), 0 hit(s), 0 error(s), 0 left on base; Wisconsin Rapids 0 - Minnesota 0
TOP OF THE 3RD
Wisconsin Rapids Rangers batting - Pitching for Minnesota Death Stars : RHP Pat Jackson
Batting: RHB Troy Reed 0-0: Ball
1-0: Ball
2-0: Ball
3-0: Base on Balls
Batting: RHB James Jenkins 0-0: Ball
1-0: Ball
Troy Reed steals 2nd base
2-0: Called Strike
2-1: DOUBLE (Line Drive, 78M)
Troy Reed scores
Batting: LHB Ramón Córdova 0-0: SINGLE (Line Drive, 5L)
James Jenkins to third
Runner from 3rd tries for Home, SAFE, no throw or cutoff
Batting: SHB José López 0-0: Ball
1-0: Ball
2-0: Called Strike
2-1: Ball
3-1: Foul Ball, location: 2F
3-2: Foul Ball, location: 2F
3-2: Strikes out swinging
Batting: RHB Arturo Rodríguez 0-0: Ball
1-0: Foul Ball, location: 2F
1-1: Ball
2-1: Ball
3-1: Base on Balls
Ramón Córdova to second
Batting: RHB Earl Conrad 0-0: Ball
1-0: Ball
2-0: Ball
3-0: Called Strike
3-1: Called Strike
3-2: Foul Ball, location: 2F
3-2: Base on Balls
Ramón Córdova to third
Arturo Rodríguez to second
Batting: RHB Paul Richard 0-0: Fly out, F8 (Flyball, 8LM)
Runner from 3rd tags up, SCORES, no throw
Batting: RHB Danny Campbell 0-0: Called Strike
0-1: Foul Ball, location: 2F
0-2: Foul Ball, location: 2F
0-2: Fly out, F8 (Flyball, 8RD)
Top of the 3rd over - 3 run(s), 2 hit(s), 0 error(s), 2 left on base; Wisconsin Rapids 3 - Minnesota 0
BOTTOM OF THE 3RD
Minnesota Death Stars batting - Pitching for Wisconsin Rapids Rangers : LHP Manuel Perea
Batting: SHB Boys van der Lack 0-0: SINGLE (Line Drive, 56D)
Batting: LHB Lucas Coleman 0-0: Ball
1-0: Ball
2-0: Foul Ball, location: 2F
2-1: Bunted foul
2-2: SINGLE (Groundball, 34D) (infield hit)
Boys van der Lack to second
Batting: LHB Alberto Medine 0-0: Foul Ball, location: 2F
0-1: Ball
1-1: Swinging Strike
1-2: Foul Ball, location: 2F
1-2: Fly out, F4 (Line Drive, 4)
Batting: RHB Soetsu Kaneko 0-0: SINGLE (Line Drive, 7LS)
Boys van der Lack to third
Lucas Coleman to second
Runner from 3rd tries for Home, SAFE, no throw or cutoff
Batting: RHB Chet Decker 0-0: Ball
1-0: Ball
2-0: Ball
3-0: Called Strike
3-1: Base on Balls
Lucas Coleman to third
Soetsu Kaneko to second
Batting: LHB Chris Loudermilk 0-0: Called Strike
0-1: Foul Ball, location: 2F
0-2: Strikes out swinging
Batting: RHB Herb Ashley 0-0: Swinging Strike
0-1: Hit by Pitch
Lucas Coleman scores
Soetsu Kaneko to third
Chet Decker to second
Batting: RHB Jorge Martínez 0-0: Ball
1-0: Fly out, F9 (Flyball, 9S)
Bottom of the 3rd over - 2 run(s), 3 hit(s), 0 error(s), 3 left on base; Wisconsin Rapids 3 - Minnesota 2
TOP OF THE 4TH
Wisconsin Rapids Rangers batting - Pitching for Minnesota Death Stars : RHP Pat Jackson
Batting: RHB Robert Acosta 0-0: Ground out 1-3 (Groundball, 13)
Batting: RHB Troy Reed 0-0: Foul Ball, location: 2F
0-1: Ball
1-1: Ball
2-1: Swinging Strike
2-2: Foul Ball, location: 2F
2-2: Fly out, F8 (Flyball, 8LM)
Batting: RHB James Jenkins 0-0: Called Strike
0-1: Ball
1-1: Called Strike
1-2: Foul Ball, location: 2F
1-2: Ball
2-2: Ball
3-2: Strikes out swinging
Top of the 4th over - 0 run(s), 0 hit(s), 0 error(s), 0 left on base; Wisconsin Rapids 3 - Minnesota 2
BOTTOM OF THE 4TH
Minnesota Death Stars batting - Pitching for Wisconsin Rapids Rangers : LHP Manuel Perea
Batting: RHB Pedro Rosado 0-0: Fly out, F9 (Flyball, 9M)
Batting: SHB Boys van der Lack 0-0: Called Strike
0-1: Ball
1-1: Foul Ball, location: 2F
1-2: Foul Ball, location: 2F
1-2: Ball
2-2: Foul Ball, location: 2F
2-2: Foul Ball, location: 2F
2-2: Foul Ball, location: 2F
2-2: Ball
3-2: Strikes out swinging
Batting: LHB Lucas Coleman 0-0: Ball
1-0: Bunt missed!
1-1: Ball
2-1: Ball
3-1: Swinging Strike
3-2: Reached on error, E4 (Groundball, 4)
Batting: LHB Alberto Medine 0-0: Called Strike
Lucas Coleman steals 2nd base
0-1: Foul Ball, location: 2F
0-2: Ball
1-2: Ground out 4-3 (Groundball, 4)
Bottom of the 4th over - 0 run(s), 0 hit(s), 1 error(s), 1 left on base; Wisconsin Rapids 3 - Minnesota 2
TOP OF THE 5TH
Wisconsin Rapids Rangers batting - Pitching for Minnesota Death Stars : RHP Pat Jackson
Batting: LHB Ramón Córdova 0-0: Swinging Strike
0-1: Foul Ball, location: 2F
0-2: Foul Ball, location: 2F
0-2: Ball
1-2: Ball
2-2: Strikes out looking
Batting: SHB José López 0-0: SOLO HOME RUN (Flyball, 9LD), Distance : 344 ft
Batting: RHB Arturo Rodríguez 0-0: Swinging Strike
0-1: Swinging Strike
0-2: Ball
1-2: Foul Ball, location: 2F
1-2: Foul Ball, location: 2F
1-2: Strikes out swinging
Batting: RHB Earl Conrad 0-0: Ball
1-0: Ball
2-0: Called Strike
2-1: Ball
3-1: Base on Balls
Pitching: RHP Brian Smith
Batting: RHB Paul Richard 0-0: Ground out 2-3 (Groundball, 23)
Top of the 5th over - 1 run(s), 1 hit(s), 0 error(s), 1 left on base; Wisconsin Rapids 4 - Minnesota 2
BOTTOM OF THE 5TH
Minnesota Death Stars batting - Pitching for Wisconsin Rapids Rangers : LHP Manuel Perea
Batting: RHB Soetsu Kaneko 0-0: Ball
1-0: Called Strike
1-1: Swinging Strike
1-2: Ball
2-2: Ball
3-2: DOUBLE (Line Drive, 78M)
Batting: RHB Chet Decker 0-0: Ball
1-0: Foul Ball, location: 2F
1-1: Foul Ball, location: 2F
1-2: Ball
2-2: Ball
3-2: Foul Ball, location: 2F
3-2: Base on Balls
Batting: LHB Chris Loudermilk 0-0: Ball
1-0: Ground out 6-3 (Groundball, 56S)
Soetsu Kaneko to third
Chet Decker to second
Batting: RHB Herb Ashley 0-0: Ball
1-0: Foul Ball, location: 2F
1-1: Ground out 5-3 (Groundball, 5S)
Pitching: RHP Jorge Flores
Batting: RHB Jorge Martínez 0-0: Called Strike
0-1: Foul Ball, location: 2F
0-2: Ball
1-2: Strikes out swinging
Bottom of the 5th over - 0 run(s), 1 hit(s), 0 error(s), 2 left on base; Wisconsin Rapids 4 - Minnesota 2
TOP OF THE 6TH
Wisconsin Rapids Rangers batting - Pitching for Minnesota Death Stars : RHP Brian Smith
Batting: RHB Danny Campbell 0-0: Swinging Strike
0-1: Called Strike
0-2: SINGLE (Groundball, 4MD)
Batting: RHB Robert Acosta 0-0: Called Strike
0-1: Called Strike
0-2: Strikes out swinging
Batting: RHB Troy Reed 0-0: Ball
1-0: Called Strike
Danny Campbell steals 2nd base
1-1: Ball
2-1: Fly out, F8 (Flyball, 8RM)
Batting: RHB James Jenkins 0-0: Called Strike
0-1: Called Strike
0-2: Ball
1-2: Ball
2-2: Foul Ball, location: 2F
2-2: Ball
3-2: Fly out, F5 (Popup, 5L)
Top of the 6th over - 0 run(s), 1 hit(s), 0 error(s), 1 left on base; Wisconsin Rapids 4 - Minnesota 2
BOTTOM OF THE 6TH
Minnesota Death Stars batting - Pitching for Wisconsin Rapids Rangers : RHP Jorge Flores
Batting: RHB Pedro Rosado 0-0: Foul Ball, location: 2F
0-1: Ground out U3 (Groundball, 3S)
Batting: SHB Boys van der Lack 0-0: SINGLE (Line Drive, 89S)
Batting: LHB Lucas Coleman 0-0: Called Strike
0-1: Ball
1-1: Swinging Strike
1-2: Strikes out swinging
Batting: LHB Alberto Medine 0-0: Called Strike
Boys van der Lack steals 2nd base
0-1: Ball
1-1: Ball
2-1: Ball
3-1: Base on Balls
Batting: RHB Soetsu Kaneko 0-0: DOUBLE (Line Drive, 8LM)
Boys van der Lack scores
Alberto Medine to third
Runner from 3rd tries for Home, SAFE, throw made home
Batting: RHB Chet Decker 0-0: Called Strike
0-1: Foul Ball, location: 2F
0-2: Ball
1-2: 2-RUN HOME RUN (Line Drive, 78XD), Distance : 396 ft
Batting: LHB Chris Loudermilk 0-0: Foul Ball, location: 2F
0-1: Foul Ball, location: 2F
0-2: Foul Ball, location: 2F
0-2: Ball
1-2: SINGLE (Groundball, 34D)
Pitching: RHP Ramiro Maestas
Batting: RHB Herb Ashley 0-0: Ball
1-0: Ball
2-0: Ball
3-0: Called Strike
3-1: DOUBLE (Line Drive, 7LS)
Chris Loudermilk to third
Runner from 3rd tries for Home, SAFE, no throw or cutoff
Batting: RHB Jorge Martínez 0-0: Ball
1-0: Called Strike
1-1: Ball
2-1: Fly out, F9 (Flyball, 89M)
Bottom of the 6th over - 5 run(s), 5 hit(s), 0 error(s), 1 left on base; Wisconsin Rapids 4 - Minnesota 7
TOP OF THE 7TH
Wisconsin Rapids Rangers batting - Pitching for Minnesota Death Stars : RHP Brian Smith
Batting: LHB Ramón Córdova 0-0: Ball
1-0: Fly out, F7 (Flyball, 7LS)
Batting: SHB José López 0-0: Foul Ball, location: 2F
0-1: Ball
1-1: Ball
2-1: Ball
3-1: Called Strike
3-2: Base on Balls
Batting: RHB Arturo Rodríguez 0-0: Called Strike
0-1: Ball
1-1: Foul Ball, location: 2F
1-2: Foul Ball, location: 2F
1-2: Ball
2-2: Hit by Pitch
José López to second
Batting: RHB Earl Conrad 0-0: Ball
1-0: DOUBLE (Flyball, 78XD)
José López scores
Arturo Rodríguez to third
Runner from 3rd tries for Home, SAFE, no throw or cutoff
Pitching: RHP Ángel Uribe
Batting: RHB Paul Richard 0-0: Ball
1-0: Foul Ball, location: 2F
1-1: Ground out 5-3 (Groundball, 5S)
Earl Conrad to third
Pinch Hitting: SHB Ricardo Arévalo 0-0: Called Strike
0-1: Ball
1-1: Ball
2-1: TRIPLE (Flyball, 8RM)
Earl Conrad scores
Pinch Hitting: RHB Vernon Romo 0-0: Called Strike
0-1: Ball
1-1: Foul Ball, location: 2F
1-2: Strikes out swinging
Top of the 7th over - 3 run(s), 2 hit(s), 0 error(s), 1 left on base; Wisconsin Rapids 7 - Minnesota 7
BOTTOM OF THE 7TH
Minnesota Death Stars batting - Pitching for Wisconsin Rapids Rangers : RHP Ramiro Maestas
Now at 1B: John Denton
Now at 2B: James Green
Batting: RHB Pedro Rosado 0-0: Called Strike
0-1: DOUBLE (Flyball, 78M)
Pinch Hitting: RHB José Pérez 0-0: SINGLE (Line Drive, 6MD)
Pedro Rosado to third
Batting: LHB Lucas Coleman 0-0: Called Strike
0-1: Foul Ball, location: 2F
0-2: Strikes out swinging
Batting: LHB Alberto Medine 0-0: Ball
1-0: Reached on error, E3 (Groundball, 3)
Pedro Rosado scores
José Pérez to second
Batting: RHB Soetsu Kaneko 0-0: Ball
1-0: Ball
2-0: Called Strike
2-1: Foul Ball, location: 2F
2-2: Foul Ball, location: 2F
2-2: Strikes out looking
Batting: RHB Chet Decker 0-0: Called Strike
0-1: Ball
1-1: Ball
2-1: Ball
3-1: Base on Balls
José Pérez to third
Alberto Medine to second
Batting: LHB Chris Loudermilk 0-0: Swinging Strike
0-1: Ball
1-1: Called Strike
1-2: Ball
2-2: Foul Ball, location: 2F
2-2: Fly out, F9 (Flyball, 89M)
Bottom of the 7th over - 1 run(s), 2 hit(s), 1 error(s), 3 left on base; Wisconsin Rapids 7 - Minnesota 8
TOP OF THE 8TH
Wisconsin Rapids Rangers batting - Pitching for Minnesota Death Stars : RHP Ángel Uribe
Pitching: RHP John Thompson
Now at 2B: Bryan MacGuffie
Batting: RHB Troy Reed 0-0: Ball
1-0: Ground out 4-3 (Groundball, 4)
Batting: RHB James Jenkins 0-0: Ball
1-0: Ball
2-0: Ball
3-0: Called Strike
3-1: Called Strike
3-2: Fly out, F9 (Flyball, 89M)
Pitching: LHP Mike Murray
Batting: LHB Ramón Córdova 0-0: Called Strike
0-1: Called Strike
0-2: Foul Ball, location: 2F
0-2: Strikes out swinging
Top of the 8th over - 0 run(s), 0 hit(s), 0 error(s), 0 left on base; Wisconsin Rapids 7 - Minnesota 8
BOTTOM OF THE 8TH
Minnesota Death Stars batting - Pitching for Wisconsin Rapids Rangers : RHP Ramiro Maestas
Batting: RHB Herb Ashley 0-0: Called Strike
0-1: Ball
1-1: Ball
2-1: Ball
3-1: Ground out 1-3 (Groundball, 13S)
Batting: RHB Jorge Martínez 0-0: Swinging Strike
0-1: Ball
1-1: Ball
2-1: Foul Ball, location: 2F
2-2: Ball
3-2: Strikes out swinging
Batting: RHB Pedro Rosado 0-0: Swinging Strike
0-1: Called Strike
0-2: Ball
1-2: Foul Ball, location: 2F
1-2: Ball
2-2: Ball
3-2: Strikes out swinging
Bottom of the 8th over - 0 run(s), 0 hit(s), 0 error(s), 0 left on base; Wisconsin Rapids 7 - Minnesota 8
TOP OF THE 9TH
Wisconsin Rapids Rangers batting - Pitching for Minnesota Death Stars : LHP Mike Murray
Pitching: RHP Domingo Rodríguez
Batting: SHB José López 0-0: Ball
1-0: Ball
2-0: Ball
3-0: Called Strike
3-1: Base on Balls
Batting: RHB Arturo Rodríguez 0-0: Ball
1-0: Ball
2-0: Ball
3-0: Called Strike
3-1: Swinging Strike
3-2: Strikes out swinging
Batting: RHB Earl Conrad 0-0: Fly out, F4 (Popup, 3)
Batting: RHB Paul Richard 0-0: Ball
Single, Error in OF, E7, batter to second base
José López to third
Pinch Hitting: LHB Alex Henderson 0-0: Swinging Strike
0-1: Ball
1-1: Foul Ball, location: 2F
1-2: Ball
2-2: Fly out, F8 (Flyball, 8LD)
Top of the 9th over - 0 run(s), 1 hit(s), 1 error(s), 2 left on base; Wisconsin Rapids 7 - Minnesota 8
This league is powered by Out of the Park Baseball, the baseball management simulation game for PC, Mac and Linux
Wednesday, December 2nd, 2015 - OOTP Baseball 16.8 Build 38